 Dungeon Crawl Stone Soup version 0.28-a0-1447-ga5a8893891 (webtiles) character file.

Game seed: 14064073350901367232

1073 shadowrider38 the Skirmisher (level 8, -7/83 HPs)
             Began as an Ogre Transmuter on Jan 10, 2022.
             Mangled by Duvessa (11 damage)
             ... on level 3 of the Dungeon.
             The game lasted 00:14:10 (7384 turns).

shadowrider38 the Skirmisher (Ogre Transmuter)      Turns: 7384, Time: 00:14:11

Health: -7/83      AC:  3    Str: 15    XL:     8   Next: 29%
Magic:  11/11      EV: 10    Int: 16    God:
Gold:   245        SH:  0    Dex:  9    Spells: 10/11 levels left

rFire   + . .      SeeInvis .   a - +0 flail
rCold   . . .      Faith    .   (no shield)
rNeg    . . .      Spirit   .   i - +0 robe
rPois   +          Reflect  .   (helmet currently unavailable)
rElec   .          Harm     .   (no cloak)
rCorr   .          Rampage  .   (gloves unavailable)
Will    .....                   (boots unavailable)
Stlth   +.........              (no amulet)
HPRegen 0.23/turn               g - ring of poison resistance
MPRegen 0.12/turn               s - ring of protection from fire

@: mighty, appendages, weak-willed
A: horns 2, talons 2, large, unfitting armour, tough skin 1
a: End Transformation


You were on level 3 of the Dungeon.
You had temporarily grown beastly horns and talons.
You visited 2 branches of the dungeon, and saw 6 of its levels.

You collected 245 gold pieces.

Inventory:

Hand Weapons
 a - a +0 flail (weapon)
 u - a +0 giant club
Missiles
 f - 154 stones
 n - 3 javelins
Armour
 i - a +0 robe (worn)
Jewellery
 g - a ring of poison resistance (left hand)
 s - a ring of protection from fire (right hand)
Wands
 e - a wand of flame (6)
Scrolls
 b - a scroll of immolation {unknown}
 c - a scroll of vulnerability
 h - 6 scrolls of identify {unknown}
 j - a scroll of acquirement {unknown}
Potions
 k - a potion of attraction {unknown}
 l - a potion of resistance {unknown}
 m - 5 potions of curing
 o - a potion of berserk rage {unknown}
 p - a potion of brilliance {unknown}
 q - a potion of magic {unknown}
 r - a potion of might
 t - a potion of haste {unknown}
 v - a potion of lignification {unknown}
 w - a potion of cancellation {unknown}


   Skills:
 - Level 6.0 Fighting
 - Level 6.0 Maces & Flails
 - Level 4.0 Dodging
 - Level 2.6 Unarmed Combat
 - Level 2.4 Spellcasting
 + Level 3.0 Transmutations


You had 10 spell levels left.
You knew the following spells:

 Your Spells              Type           Power      Damage    Failure   Level
a - Beastly Appendage     Tmut           22%        N/A       5%          1

Your spell library contained the following spells:

 Spells                   Type           Power      Damage    Failure   Level
 Wereblood                Tmut           11%        N/A       9%          2
 Sublimation of Blood     Necr           1%         N/A       30%         2
 Spider Form              Tmut/Pois      6%         N/A       32%         3
 Call Canine Familiar     Summ           1%         N/A       52%         3
 Gell's Gravitas          Tloc           1%         N/A       52%         3
 Lesser Beckoning         Tloc           1%         N/A       52%         3
 Portal Projectile        Hex/Tloc       2%         N/A       52%         3
 Teleport Other           Tloc           1%         N/A       52%         3
 Ice Form                 Ice/Tmut       6%         N/A       71%         4
 Petrify                  Tmut/Erth      6%         N/A       71%         4
 Leda's Liquefaction      Hex/Erth       0%         N/A       89%         4
 Irradiate                Conj/Tmut      3%         3d15      96%         5


Dungeon Overview and Level Annotations

Branches:
Dungeon (5/15)             Temple (1/1) D:5

Altars:
Dithmenos
Fedhas
Kikubaaqudgha
Makhleb
Nemelex Xobeh
Qazlal
Ru
Sif Muna
Trog
Vehumet
Wu Jian
Xom
Yredelemnul
Zin

Annotations:
D:3 Duvessa
D:4 2 runed translucent doors, Edmund; HallandMoats's ghost, amateur DsFi


Innate Abilities, Weirdness & Mutations

You have temporarily grown beastly horns and talons.
You are too large for most types of armour.
You have tough skin. (AC +1)


Message History

You barely miss Duvessa.
Duvessa is lightly wounded.
Duvessa hits you with a +0 short sword! Duvessa closely misses you.
You hit Duvessa. Your kick misses Duvessa.
Duvessa is lightly wounded.
Duvessa closely misses you. Duvessa barely misses you.
Throw: throwing net
Press: ? - help, Shift-Dir - straight line, f - Duvessa
Aim: Duvessa, wielding a +0 short sword and wearing a +0 leather armour (lightly wounded, berserk, 61% to hit)
You throw a throwing net. The throwing net hits Duvessa.
Duvessa is caught in the net!
Duvessa is lightly wounded.
Duvessa struggles against the net.
You hit Duvessa but do no damage. You claw Duvessa, but do no damage.
You headbutt Duvessa.
Duvessa is lightly wounded.
Duvessa struggles against the net. x2
You hit Duvessa but do no damage. You headbutt Duvessa.
Duvessa is moderately wounded.
Duvessa struggles against the net.
Unknown command.
You sock Duvessa! You claw Duvessa, but do no damage.
Duvessa is moderately wounded.
Duvessa struggles against the net.
The net rips apart, and Duvessa comes free!
Duvessa hits you with a +0 short sword!
* * * LOW HITPOINT WARNING * * *
Unknown command.
Unknown command.
Unknown command.
As you read the scroll labelled BAQUISTUERY, it crumbles to dust.
Magic quickly surges around you.
It was a scroll of vulnerability.
Duvessa hits you with a +0 short sword!
* * * LOW HITPOINT WARNING * * *
Duvessa completely misses you.
Okay, then.
It was a potion of might.
You feel very mighty all of a sudden. Duvessa hits you with a +0 short sword!
You die...

#...##............
#...........#####.
#...##.####.# ##.
##.###.# #.# ##.. #.# #.#
#.###..# #.# #.# #.....##
##.###.########..#
#####...##.#..........
#(..e@..>..<.##.......
#[#..........(......#.
#.#.P._.P..........<..
####.#...................
#.........#..##..........
#.##.####.##.##.)#.....#.
#.##.###...#....).....##.
#.##.......>.............
#.#...##...##............


You could see Duvessa (berserk, weak-willed).

Vanquished Creatures
  An ice beast (D:5)
  A black bear (D:4)
  A necrophage (D:4)
  2 ogres
  Blork the orc (D:4)
  A bullfrog (D:4)
  A scorpion (D:5)
  A water moccasin zombie (D:5)
  Dowan (D:4)
  A bullfrog skeleton (D:5)
  A centaur skeleton (D:4)
  3 hounds
  An iguana (D:4)
  Terence (D:2)
  A gnoll (D:4)
  6 adders
  An ufetubus (D:5)
  A worm (D:5)
  A dart slug (D:3)
  3 orcs
  9 ball pythons
  9 endoplasms
  2 giant cockroaches
  4 hobgoblins
  A quokka (D:4)
  8 bats
  3 frilled lizards
  7 goblins
  5 kobolds
  4 rats
  2 rat zombies (D:4)
84 creatures vanquished.

Notes
Turn   | Place    | Note
-------+----------+-------------------------------------------
     0 | D:1      | shadowrider38 the Ogre Transmuter began the quest for the
                  | Orb.
     0 | D:1      | Reached XP level 1. HP: 19/19 MP: 3/3
   206 | D:1      | Found a faded altar of an unknown god.
   259 | D:1      | Reached XP level 2. HP: 27/28 MP: 5/5
  1298 | D:2      | Reached XP level 3. HP: 32/36 MP: 6/6
  2377 | D:2      | Noticed Terence
  2387 | D:2      | Killed Terence
  2388 | D:2      | Reached XP level 4. HP: 18/48 MP: 7/7
  2921 | D:3      | Noticed an ogre
  3320 | D:3      | Found a blossoming altar of Fedhas.
  3531 | D:3      | Reached XP level 5. HP: 55/55 MP: 8/8
  3563 | D:3      | Killed an ogre
  3564 | D:3      | Reached skill level 5 in Fighting
  3942 | D:4      | Reached XP level 6. HP: 64/66 MP: 7/9
  4005 | D:4      | Reached skill level 1 in Maces & Flails
  4195 | D:5      | Entered Level 5 of the Dungeon
  4313 | D:4      | Noticed a black bear
  4322 | D:4      | Killed a black bear
  4323 | D:4      | Reached XP level 7. HP: 35/75 MP: 10/10
  5198 | D:4      | Found a large runed translucent door.
  5198 | D:4      | Found a large runed translucent door.
  5201 | D:4      | Noticed HallandMoats's ghost (amateur DsFi)
  5488 | D:4      | Found an ancient bone altar of Kikubaaqudgha.
  5706 | D:4      | Noticed Blork the orc
  5960 | D:4      | Found a stormy altar of Qazlal.
  5985 | D:4      | Killed Blork the orc
  6037 | D:4      | Noticed Edmund
  6237 | D:4      | Noticed Dowan
  6577 | D:5      | Found a radiant altar of Vehumet.
  6609 | D:5      | Reached skill level 5 in Maces & Flails
  6748 | D:5      | Found a staircase to the Ecumenical Temple.
  6763 | Temple   | Entered the Ecumenical Temple
  6973 | D:5      | Identified the +11 short sword "Eteargh" {spect, +Blink rN+
                  | Will+}
  7045 | D:5      | Reached XP level 8. HP: 83/83 MP: 9/11
  7301 | D:4      | Killed Dowan
  7369 | D:4      | Noticed Duvessa
  7383 | D:3      | HP: 4/83 [Duvessa (13)]
  7384 | D:3      | Mangled by Duvessa

Illustrated notes

Levels and vault maps discovered:
D:1:      minmay_arrival_solitary_statue, layout_basic,
          hellmonk_ecumenical_altar_lost_god, kennysheep_doodads,
          chequers_jeans, nrook_mini_vaults, minmay_tetromino_t2
D:2:      layout_rooms, minmay_indecisive_spiral, uniq_terence
D:3:      layout_loops_ring, mainiacjoe_overflow_tiny_flanked
D:4:      cheibrodos_barr_body, layout_cave_pools,
          nicolae_qazlal_eye_of_the_storm, lemuel_zombie_altar_kikubaaqudgha,
          ebering_ghost_disaster_area, uniq_blork_the_orc, uniq_duvessa,
          uniq_edmund
D:5:      layout_gridville, mainiacjoe_overflow_brackets,
          minmay_temple_entry_large_hall
Temple:   jpeg_temple_alley_garden

Skill      XL: |  1  2  3  4  5  6  7  8 |
---------------+-------------------------+-----
Dodging        | 2 3 4 |  4.0
Fighting       | 2 3 4 5 6 |  6.0
Maces & Flails | 3 5 6 |  6.0
Transmutations | 3 |  3.0
Unarmed Combat | |  2.6
Spellcasting   | |  2.4

Action                   |  1- 3 |  4- 6 |  7- 9 || total
-------------------------+-------+-------+-------++-------
Melee: Unarmed           |    54 |       |       ||    54
       Headbutt          |    14 |     9 |    12 ||    35
       Kick              |    10 |    16 |    14 ||    40
       Flail             |    64 |    39 |    73 ||   176
       Punch             |     2 |       |       ||     2
       Giant club        |       |    66 |    31 ||    97
Throw: Javelin           |       |     5 |     3 ||     8
       Stone             |       |     2 |       ||     2
       Throwing net      |       |       |     1 ||     1
 Cast: Beastly Appendage |    21 |    15 |    16 ||    52
  Use: Potion            |     1 |       |     1 ||     2
       Scroll            |       |       |     1 ||     1
Armor: Robe              |    50 |    79 |    20 ||   149
Dodge: Dodged            |    84 |   121 |    55 ||   260

Table legend: (Time is in decaauts)
 A = Elapsed time spent in this place.
 B = Non-inter-level travel time spent in this place.
 C = Inter-level travel time spent in this place.
 D = Time resting spent in this place.
 E = Time spent auto-exploring this place.
 F = Levels seen in this place.
 G = Mean time per level.
                   A        B        C        D        E       F      G
               +--------+--------+--------+--------+--------+-----+--------+
         Total |   7497 |   7277 |    220 |   3043 |   3012 |   6 | 1249.5 |
       Dungeon |   7295 |   7084 |    211 |   3043 |   2824 |   5 | 1459.0 |
        Temple |    202 |    193 |      9 |      0 |    188 |   1 |  202.0 |
               +--------+--------+--------+--------+--------+-----+--------+

Top non-repeatable levels by time:
     D:1: 1898 daAuts
     D:3: 1840 daAuts
     D:4: 1814 daAuts
     D:2: 1126 daAuts
     D:5: 616 daAuts
  Temple: 202 daAuts
